 Dungeon Crawl Stone Soup version 0.29-a0-11-ga75d3d97ab (webtiles) character file.

Game seed: 14015214705471396019

5264 HallandMoats the Fighter (level 10, -1/92 HPs)
             Began as a Ghoul Monk on Jan 28, 2022.
             Was a Plaything of Xom.
             Killed from afar by an electric eel (14 damage)
             ... with a bolt of electricity
             ... in a bailey.
             The game lasted 00:20:43 (11577 turns).

HallandMoats the Fighter (Ghoul Monk)              Turns: 11577, Time: 00:20:43

Health: -1/92      AC: 14    Str: 20    XL:     10   Next: 62%
Magic:  13/13      EV:  7    Int:  5    God:    Xom [*.....]
Gold:   269        SH:  5    Dex: 11    Spells: 9/9 levels left

rFire   . . .      SeeInvis .     - Unarmed
rCold   + . .      Faith    .   (no shield)
rNeg    + + +      Spirit   .   c - +0 plate armour
rPois   ∞          Reflect  +   q - +0 helmet
rElec   .          Harm     +   x - scarf {harm}
rCorr   +          Rampage  .   (no gloves)
Will    .....                   h - +0 pair of boots
Stlth   ..........              j - amulet of reflection
HPRegen 0.00/turn               s - ring of resist corrosion
MPRegen 0.13/turn               (no ring)

@: inhibited regen
A: claws 1, cold resistance 1, negative energy resistance 3, inhibited
regeneration, torment resistance 2
a: Renounce Religion


You were in a bailey.
You worshipped Xom.
You were a special plaything of Xom.
You visited 1 branch of the dungeon, and saw 9 of its levels.
You also visited: Bailey.

You collected 293 gold pieces.
You spent 24 gold pieces at shops.

Inventory:

Missiles
 t - a throwing net (quivered)
Armour
 c - a +0 plate armour (worn)
 h - a +0 pair of boots (worn)
 k - the +3 leather armour of Yrauwonoof {+Inv rF+ Will+ rCorr Int-2}
   (You found it on level 9 of the Dungeon)

   Int:       It affects your intelligence (-2).
   rF:        It protects you from fire.
   +Inv:      It lets you turn invisible.
   rCorr:     It protects you from acid and corrosion.
   Will:      It increases your willpower.
 q - a +0 helmet (worn)
 w - a +0 buckler
 x - a scarf of harm (worn)
Jewellery
 j - an amulet of reflection (around neck)
 s - a ring of resist corrosion (left claw)
Wands
 y - a wand of flame (45)
 z - a wand of digging (7)
 B - a wand of charming (6)
Scrolls
 a - 3 scrolls of teleportation
 b - 2 scrolls of amnesia
 g - 6 scrolls of fear
 m - 2 scrolls of enchant weapon
 o - 2 scrolls of magic mapping
 p - 2 scrolls of fog
 v - 2 scrolls of blinking
Potions
 d - 2 potions of brilliance
 e - a potion of curing
 f - a potion of berserk rage {unknown}
 i - 2 potions of invisibility
 l - a potion of lignification {unknown}
 r - a potion of mutation {unknown}
 u - a potion of ambrosia {unknown}


   Skills:
 * Level 9.7 Fighting
 + Level 5.2 Armour
 + Level 5.9 Dodging
 - Level 2.1 Stealth
 * Level 9.7 Unarmed Combat
 + Level 6.2 Invocations


You had 9 spell levels left.
You didn't know any spells.
Your spell library contained the following spells:

 Spells                   Type           Power      Damage    Failure   Level
 Magic Dart               Conj           0%         1d3       100%        1
 Sting                    Tmut/Pois      0%         1d3       100%        1
 Blink                    Tloc           0%         N/A       100%        2
 Call Imp                 Summ           0%         N/A       100%        2
 Ensorcelled Hibernation  Hex/Ice        0%         N/A       100%        2
 Passwall                 Tmut/Erth      0%         N/A       100%        2
 Searing Ray              Conj           0%         2d4       100%        2
 Lesser Beckoning         Tloc           0%         N/A       100%        3
 Mephitic Cloud           Conj/Pois/Air  0%         N/A       100%        3
 Swiftness                Air            0%         N/A       100%        3
 Fulminant Prism          Conj/Hex       0%         3d6       100%        4
 Manifold Assault         Tloc           0%         N/A       100%        5
 Beastly Appendage        Tmut           Unusable   N/A       N/A         1
 Wereblood                Tmut           Unusable   N/A       N/A         2
 Spider Form              Tmut/Pois      Unusable   N/A       N/A         3

Dungeon Overview and Level Annotations

Branches:
Dungeon (9/15)             Temple (0/1) D:5          Bailey (1/1)
   Lair: D:8-11         Orc: D:9-12

Altars:
Ashenzari
Fedhas
Gozag
Kikubaaqudgha
Okawaru
Ru
Sif Muna
Xom
Yredelemnul
Zin
The Shining One

Shops:
D:3 ?   D:4 :

Annotations:
D:8 exclusion: 2 oklob saplings


Innate Abilities, Weirdness & Mutations

You thrive by killing the living.
You are immune to poison.
You have sharp fingernails.
Your flesh is cold resistant. (rC+)
You are immune to negative energy. (rN+++)
You do not regenerate when monsters are visible.
You are immune to unholy pain and torment.


Message History

You start resting.
You feel a little less mighty now.
You start resting.
Something unseen opens the door.
An orc warrior comes into view. It is wielding a +0 broad axe.
The orc warrior shouts!
Xom makes a sudden noise!
You hear the chiming of a distant gong.
You hear a shout! x6
The electric eel shoots out a bolt of lightning at you!
The bolt of electricity hits you.
You claw the orc warrior!
The orc warrior is heavily wounded.
The orc warrior hits you with a +0 broad axe.
You claw the orc warrior!
You kill the orc warrior!
You feel better.
The electric eel shoots out a bolt of lightning at you!
The bolt of electricity misses you.
You hear a splash. x2
You close the door, pushing everything out of the way.
You start resting.
An electric eel comes into view.
The electric eel shoots out a bolt of lightning at you!
The bolt of electricity hits you!
The electric eel shoots out a bolt of lightning at you!
The bolt of electricity hits you!
* * * LOW HITPOINT WARNING * * *
You see here a +0 broad axe.
You open the door.
The electric eel shoots out a bolt of lightning at you!
The bolt of electricity hits you.
* * * LOW HITPOINT WARNING * * *
An electric eel comes into view.
The electric eel shoots out a bolt of lightning at you!
The bolt of electricity hits you!
* * * LOW HITPOINT WARNING * * *
There is an open door, spattered with blood here.
The electric eel shoots out a bolt of lightning at you!
The bolt of electricity hits you!
You die...

# #).# #
#8.#.≈≈≈≈≈≈≈
#
#)[#.≈≈≈≈≈≈≈
#
#'##.≈≈≈≈≈≈≈
#
#))#.≈≈≈≈≈≈≈
#
#..#.≈≈≈≈≈≈≈
#
#..#.≈≈≈≈S≈≈
#
#..#.≈≈≈≈≈≈≈
#
#..#@[≈≈≈≈≈≈
#
##+#'#≈≈≈≈≈≈
# #...)#
≈≈≈≈≈ #
#....# ≈≈≈≈
# #..### ≈≈≈
......
.....+ ≈≈
#≈≈≈≈≈
≈≈≈≈#### ≈
≈≈≈≈≈ ≈≈≈≈
≈≈≈≈ ≈S≈


You could see an electric eel.

Vanquished Creatures
  An orc high priest (Bailey)
  Pikel (D:8)
  A hornet (D:8)
  Sigmund (D:5)
  A wraith (D:7)
  A wyvern (D:7)
  An acid dragon (D:7)
  3 water moccasins
  7 orc warriors
  A hornet zombie (D:8)
  A sky beast (D:7)
  3 black bears
  2 ogres
  2 necrophages (D:8)
  A centaur (D:6)
  A lemure (D:8)
  A gnoll sergeant (D:5)
  3 scorpions
  2 bullfrogs
  3 killer bees (D:7)
  7 wights
  2 centaur zombies
  6 hounds
  2 orc priests
  2 bullfrog skeletons (D:6)
  4 iguanas
  5 orc wizards
  A howler monkey zombie (D:8)
  8 gnolls
  12 adders
  A white imp (D:7)
  An ufetubus (D:7)
  A worm (D:3)
  5 dart slugs
  19 orcs
  9 endoplasms
  3 giant cockroaches
  9 hobgoblins
  5 kobolds
  4 quokkas
  12 ball pythons
  8 bats
  4 frilled lizards
  15 goblins
  9 rats
191 creatures vanquished.

Vanquished Creatures (others)
  An orc wizard (D:5)
  2 gnolls (D:5)
  4 plants
7 creatures vanquished.

Grand Total: 198 creatures vanquished

Notes
Turn   | Place    | Note
-------+----------+-------------------------------------------
     0 | D:1      | HallandMoats the Ghoul Monk began the quest for the Orb.
     0 | D:1      | Reached XP level 1. HP: 19/19 MP: 0/0
    74 | D:1      | Reached XP level 2. HP: 16/26 MP: 1/1
   260 | D:1      | Found a faded altar of an unknown god.
   287 | D:1      | Prayed at the altar of an unknown god.
   287 | D:1      | Became a worshipper of Xom the Unpredictable
   337 | D:1      | XOM: silly message
   554 | D:1      | Reached XP level 3. HP: 33/33 MP: 2/2
   703 | D:1      | XOM: silly message
   851 | D:1      | XOM: silly message
   931 | D:1      | XOM: divination: detect items
   960 | D:1      | XOM: divination: magic mapping
  1157 | D:2      | XOM: 2-stop teleportation journey
  1206 | D:2      | XOM: 2-stop teleportation journey
  1224 | D:2      | Reached skill level 1 in Invocations
  1324 | D:2      | Reached XP level 4. HP: 40/40 MP: 3/3
  1667 | D:2      | XOM: noise
  1938 | D:2      | XOM is BORED!
  1938 | D:2      | XOM: polymorph bat -> frilled lizard
  2022 | D:2      | XOM: stat loss: -1 Str (15/16)
  2090 | D:3      | Found Myocka's Magic Scroll Emporium.
  2097 | D:3      | Bought a scroll of identify for 24 gold pieces
  2130 | D:3      | XOM: silly message
  2329 | D:3      | Noticed a scorpion
  2342 | D:2      | XOM: cleaving
  2350 | D:2      | XOM: fog
  2356 | D:2      | Killed a scorpion
  2357 | D:2      | Reached skill level 1 in Armour
  2357 | D:2      | Reached XP level 5. HP: 18/47 MP: 3/5
  2994 | D:2      | XOM: god gift: scroll labelled MOON WEVYADGH {god gift}
  3057 | D:3      | Found a basalt altar of Yredelemnul.
  3139 | D:3      | Reached XP level 6. HP: 51/53 MP: 6/6
  3207 | D:3      | Found an ancient bone altar of Kikubaaqudgha.
  3211 | D:3      | Found a broken altar of Ashenzari.
  3249 | D:3      | Found an opulent altar of Gozag.
  3416 | D:3      | XOM: silly message
  3690 | D:4      | Reached skill level 5 in Fighting
  3690 | D:4      | Reached skill level 5 in Unarmed Combat
  3696 | D:4      | XOM: divination: magic mapping
  3718 | D:4      | XOM: cloud trail
  3819 | D:4      | Noticed a black bear
  3844 | D:4      | Killed a black bear
  3845 | D:4      | Reached XP level 7. HP: 12/61 MP: 7/7
  3976 | D:4      | XOM: divination: detect creatures
  4403 | D:4      | Found Plog's Self-Improvement Boutique.
  5068 | D:5      | Entered Level 5 of the Dungeon
  5076 | D:5      | Found a blossoming altar of Fedhas.
  5091 | D:5      | XOM: swap monsters
  5114 | D:5      | XOM: enchant monster (good)
  5175 | D:5      | XOM: 12-stop teleportation journey
  5179 | D:5      | Reached XP level 8. HP: 16/70 MP: 9/9
  5251 | D:5      | XOM: 1-stop teleportation journey
  5493 | D:5      | Noticed Sigmund
  5508 | D:5      | XOM: enchant monster (bad)
  5517 | D:5      | XOM: 2-stop teleportation journey
  5674 | D:5      | XOM: summons 2 hostile demons
  5946 | D:5      | XOM: silly message
  5947 | D:5      | XOM: summons 4 hostile demons
  5979 | D:4      | XOM: silly message
  6139 | D:5      | XOM: chaos upgrade
  6174 | D:5      | Found a staircase to the Ecumenical Temple.
  6421 | D:5      | Killed Sigmund
  6534 | D:5      | XOM: 1-stop teleportation journey
  6691 | D:5      | XOM: 2-stop teleportation journey
  7191 | D:6      | XOM: silly message
  7210 | D:6      | Found an iron altar of Okawaru.
  7221 | D:6      | Found a shimmering blue altar of Sif Muna.
  7285 | D:6      | XOM: 4-stop teleportation journey
  7643 | D:6      | XOM: divination: detect items
  7781 | D:6      | Reached XP level 9. HP: 79/79 MP: 11/11
  7816 | D:6      | XOM: silly message
  7907 | D:6      | XOM: silly message
  8099 | D:6      | XOM: silly message
  8235 | D:7      | XOM: silly message
  8356 | D:7      | XOM: divination: magic mapping
  8687 | D:7      | Found a sacrificial altar of Ru.
  9226 | D:8      | XOM: potion effect (curing)
  9327 | D:7      | Reached skill level 5 in Dodging
  9471 | D:8      | XOM: potion effect (brilliance)
  9482 | D:7      | Reached skill level 5 in Invocations
  9674 | D:8      | XOM: potion effect (might)
  9684 | D:8      | Noticed Pikel
  9697 | D:8      | Killed Pikel
  9698 | D:8      | Reached XP level 10. HP: 79/90 MP: 11/13
  9704 | D:8      | XOM: divination: detect creatures
  9896 | D:8      | XOM: silly message
 10317 | D:8      | XOM: noise
 10327 | D:8      | XOM: smoke on damage
 10368 | D:8      | Got the Papyrus of Nature
 10490 | D:8      | XOM: silly message
 10582 | D:8      | XOM: chaos cloud
 10772 | D:9      | XOM: chaos upgrade
 10783 | D:9      | XOM: blink monster(s)
 10796 | D:9      | Found a flagged portal.
 10801 | D:9      | Identified the +3 leather armour of Yrauwonoof {+Inv rF+
                  | Will+ rCorr Int-2}
 10815 | Bailey   | Entered a bailey
 11138 | Bailey   | XOM: stat loss: -1 Str (19/20)
 11168 | Bailey   | XOM: 1-stop teleportation journey
 11186 | Bailey   | Reached skill level 5 in Armour
 11395 | Bailey   | Noticed an orc knight
 11395 | Bailey   | Noticed an orc knight
 11395 | Bailey   | XOM: noise
 11400 | Bailey   | XOM: smoke on damage
 11405 | Bailey   | XOM: potion effect (curing)
 11410 | Bailey   | XOM: potion effect (might)
 11413 | Bailey   | XOM: 1-stop teleportation journey
 11426 | Bailey   | XOM: noise
 11451 | Bailey   | Noticed an orc high priest
 11454 | Bailey   | XOM: summons 2 hostile demons
 11466 | Bailey   | Noticed a sixfirhy
 11466 | Bailey   | Killed an orc high priest
 11555 | Bailey   | XOM: noise
 11577 | Bailey   | Killed from afar by an electric eel

Illustrated notes

Levels and vault maps discovered:
D:1:      dpeg_arrival_water_temple_mockup, layout_loops_cross,
          ebering_ecumenical_altar_rust, serial_bayou, serial_bayou_pond_e,
          serial_bayou_shore_a, serial_bayou_crossing, serial_bayou_shore_b,
          minmay_misc_feat_nine_boxes
D:2:      layout_loops_corners, minmay_misc_feat_secret_circle,
          nicolae_figureground_sparkle
D:3:      minmay_evil_eye, layout_rooms, lemuel_crystal_altar,
          grunt_gozag_statues, minitemple, serial_shops, shop,
          lemuel_flame_loot_1
D:4:      black_bear_nest_1, layout_cave_pods, nicolae_shop_self_help
D:5:      cheibrodos_quashed, layout_gridville, fedhas_ov_isle_minmay,
          lemuel_temple_firewalk_a, uniq_sigmund
D:6:      layout_loops_corners, minmay_overflow_temple_star_quad
D:7:      layout_basic, nicolae_ru_awakened_eye
D:8:      layout_cave_pools, amethyst_killhole, introduction_to_nature_1,
          uniq_pikel
D:9:      layout_cave_pools, mainiacjoe_overflow_paths, enter_bailey_2
Bailey:   bailey_axe_of_yendor_kennysheep, bailey

Skill      XL: |  1  2  3  4  5  6  7  8  9 10 |
---------------+-------------------------------+-----
Unarmed Combat | 4 5 6 7 8 9 |  9.7
Invocations    | 1 2 3 4 5 6 |  6.2
Fighting       | 4 5 6 7 8 9 |  9.7
Dodging        | 3 4 5 |  5.9
Armour         | 1 2 3 4 5 |  5.2
Stealth        | |  2.1

Action                   |  1- 3 |  4- 6 |  7- 9 | 10-12 || total
-------------------------+-------+-------+-------+-------++-------
Melee: Unarmed           |    95 |   181 |   363 |   144 ||   783
       Punch             |     1 |     7 |    13 |     8 ||    29
Evoke: Wand              |       |       |       |     4 ||     4
  Use: Scroll            |       |     6 |     8 |     1 ||    15
       Potion            |       |       |     1 |     9 ||    10
 Stab: Sleeping          |     3 |     1 |     1 |       ||     5
       Invisible         |       |       |       |     3 ||     3
Armor: Robe              |    11 |       |       |       ||    11
       Ring mail         |    17 |    26 |       |       ||    43
       Plate armour      |       |    52 |   283 |    55 ||   390
Dodge: Dodged            |    45 |    68 |   110 |    43 ||   266
Block: Other             |       |    38 |    85 |    37 ||   160
       Reflection        |       |     3 |     1 |     1 ||     5

Table legend: (Time is in decaauts)
 A = Elapsed time spent in this place.
 B = Non-inter-level travel time spent in this place.
 C = Inter-level travel time spent in this place.
 D = Time resting spent in this place.
 E = Time spent auto-exploring this place.
 F = Levels seen in this place.
 G = Mean time per level.
                   A        B        C        D        E       F      G
               +--------+--------+--------+--------+--------+-----+--------+
         Total |  11546 |  11284 |    262 |   2672 |   6305 |  10 | 1154.6 |
       Dungeon |  10799 |  10537 |    262 |   2164 |   6305 |   9 | 1199.9 |
        Bailey |    746 |    746 |      0 |    508 |      0 |   1 |  746.0 |
               +--------+--------+--------+--------+--------+-----+--------+

Top non-repeatable levels by time:
     D:5: 1958 daAuts
     D:2: 1710 daAuts
     D:4: 1566 daAuts
     D:7: 1309 daAuts
     D:8: 1203 daAuts
     D:1: 1068 daAuts
     D:6: 1066 daAuts
     D:3: 847 daAuts
  Bailey: 746 daAuts
     D:9: 69 daAuts
